 Dungeon Crawl Stone Soup version 0.22.1-1-ga44c0e5 (webtiles) character file.

190 Fang the Chopper (level 5, -2/33 HPs)
             Began as a Gargoyle Berserker on Oct 16, 2018.
             Was a Believer of Trog.
             Killed from afar by an orc wizard (4 damage)
             ... with a magic dart
             ... on level 3 of the Dungeon.
             The game lasted 00:02:09 (2428 turns).

Fang the Chopper (Gargoyle Berserker)               Turns: 2428, Time: 00:02:10

Health: -2/33      AC:  8    Str: 22    XL:     5   Next: 69%
Magic:  5/5        EV: 12    Int:  7    God:    Trog [**....]
Gold:   116        SH:  0    Dex:  9    Spells: 4/4 levels left

rFire    . . .     SeeInvis .   a - +0 hand axe
rCold    . . .     Gourm    .   (no shield)
rNeg     + . .     Faith    .   b - +0 animal skin
rPois    ∞         Spirit   .   (no helmet)
rElec    +         Reflect  .   i - +1 cloak
rCorr    .         Harm     .   (no gloves)
MR       .....                  (no boots)
Stlth    +.........             (no amulet)
HPRegen  0.11/turn              (no ring)
MPRegen  0.09/turn              (no ring)

@: berserk cooldown
A: negative energy resistance 1, electricity resistance, unbreathing,
petrification resistance, rot immunity, AC +4
a: Berserk, Trog's Hand, Renounce Religion


You were on level 3 of the Dungeon.
You worshipped Trog.
Trog was pleased with you.
You were very hungry.

You visited 1 branch of the dungeon, and saw 3 of its levels.

You collected 116 gold pieces.

Inventory:

Hand Weapons
 a - a +0 hand axe (weapon)
Armour
 b - a +0 animal skin (worn)
 i - a +1 cloak (worn)
Jewellery
 j - an uncursed ring of see invisible {unknown}
Scrolls
 e - a scroll of teleportation {unknown}
 f - 2 scrolls of enchant weapon {unknown}
 g - a scroll of fog {unknown}
 k - 2 scrolls of immolation {unknown}
 l - 2 scrolls of identify {unknown}
 m - a scroll of fear {unknown}
Potions
 d - 2 potions of lignification {unknown}
 h - a potion of brilliance {unknown}
 n - a potion of mutation {unknown}
 p - a potion of degeneration {unknown}
 q - a potion of might {unknown}
 r - a potion of flight {unknown}
Comestibles
 c - 4 rations
 o - a chunk of flesh


   Skills:
 + Level 4.1 Fighting
 + Level 4.6 Axes
 + Level 2.4 Armour
 + Level 2.3 Dodging
 + Level 0.3 Stealth


You had 4 spell levels left.
You didn't know any spells.
Your spell library was empty.

Dungeon Overview and Level Annotations

Branches:
Dungeon (3/15)

Altars:
Gozag
Hepliaklqana
Kikubaaqudgha
Trog


Innate Abilities, Weirdness & Mutations

You are resistant to torment.
Your stone body is resilient. (AC +4)
You are immune to poison.
You resist negative energy. (rN+)
You are resistant to electric shocks. (rElec)
You can survive without breathing.
You are immune to petrification.
You are immune to rotting.


Message History

You hear some strange, mumbled words.
A puff of flame appears from out of thin air!
The puff of flame hits you!
* * * LOW HITPOINT WARNING * * *
You miss something.
You hear some strange, mumbled words.
You are confused.
You barely miss something. Something hits you but does no damage.
You bump into the rock wall.
Something hits you but does no damage.
You bump into the rock wall.
Something hits you.
* * * LOW HITPOINT WARNING * * *
You miss something. Something hits you but does no damage.
You barely miss something. Something hits you.
* * * LOW HITPOINT WARNING * * *
You feel less confused. Something hits you but does no damage.
Something barely misses you.
A magic dart appears from out of thin air!
The magic dart hits you!
You die...

#.##.# #.##.#
#..#.# #..#.#
#....# #.)#[#
###+#....###
#....<...{.#
.#
#......@...#
.#
#......[....#
.#
#.......>...#
.#.#
#....#......#
.#.#
#....#......#
##.#
#....######.#
.#.# #..?. .#
...# +.. .#
.###


There were no monsters in sight!

Vanquished Creatures
  An orc priest (D:3)
  2 orc wizards (D:3)
  A worker ant zombie (D:2)
  2 adders (D:2)
  An ooze (D:1)
  4 leopard geckos
  7 orcs
  4 giant cockroaches
  7 goblins
  3 hobgoblins
  7 jackals (D:2)
  3 quokkas
  A ball python (D:1)
  5 bats
  4 frilled lizards (D:1)
  5 kobolds
  4 rats
61 creatures vanquished.

Notes
Turn   | Place    | Note
-------+----------+-------------------------------------------
     0 | D:1      | Fang the Gargoyle Berserker began the quest for the Orb.
     0 | D:1      | Reached XP level 1. HP: 14/14 MP: 1/1
   141 | D:1      | Reached XP level 2. HP: 17/19 MP: 2/2
   558 | D:1      | Reached XP level 3. HP: 24/24 MP: 3/3
   585 | D:1      | Reached ** piety under Trog
  1257 | D:2      | Reached XP level 4. HP: 27/29 MP: 4/4
  1579 | D:2      | Found an ancient bone altar of Kikubaaqudgha.
  1639 | D:2      | Found an opulent altar of Gozag.
  1790 | D:3      | Found a hazy altar of Hepliaklqana.
  1867 | D:3      | Found a bloodstained altar of Trog.
  1921 | D:3      | Reached XP level 5. HP: 13/33 MP: 5/5
  2428 | D:3      | Killed from afar by an orc wizard

Skill      XL: |  1  2  3  4 |
---------------+-------------+-----
Axes           | 3 4 |  4.6
Dodging        | 2 |  2.3
Fighting       | 4 |  4.1
Armour         | |  2.4
Stealth        | |  0.3

Action                   |  1- 3 |  4- 6 || total
-------------------------+-------+-------++-------
Melee: Hand axe          |   129 |   138 ||   267
Invok: Berserk           |       |     2 ||     2
  Eat: Chunk             |     1 |     5 ||     6
Armor: Animal skin       |    53 |    60 ||   113
Dodge: Dodged            |    87 |   100 ||   187
